 Dungeon Crawl Stone Soup version 0.23-a0-29-g1be82e5 (webtiles) character file.

154 asd12 the Sneak (level 5, 0/40 HPs)
             Began as a Demonspawn Assassin on Aug 3, 2018.
             Slain by Natasha (3 damage)
             ... on level 3 of the Dungeon.
             The game lasted 00:03:36 (2793 turns).

asd12 the Sneak (Demonspawn Assassin)               Turns: 2793, Time: 00:03:36

Health: 0/40       AC:  6    Str: 11    XL:     5   Next: 13%
Magic:  5/5        EV: 12    Int: 13    God:
Gold:   71         SH:  0    Dex: 15    Spells: 4/4 levels left

rFire    . . .     SeeInvis .   a - +2 dagger
rCold    . . .     Gourm    .   (no shield)
rNeg     . . .     Faith    +   c - +0 robe
rPois    .         Spirit   .   (no helmet)
rElec    .         Reflect  .   d - +0 cloak
rCorr    .         Harm     .   (no gloves)
MR       .....                  (no boots)
Stlth    +++.......             l - amulet of faith
HPRegen  0.13/turn              (no ring)
MPRegen  0.09/turn              (no ring)

@: slowed, very slow
A: hooves 1, molten scales 2
a: no special abilities


You were on level 3 of the Dungeon.
You were not hungry.

You visited 1 branch of the dungeon, and saw 3 of its levels.

You collected 71 gold pieces.

Inventory:

Hand Weapons
 a - a +2 dagger (weapon)
 b - a +0 blowgun
Missiles
 e - 8 poisoned needles
 f - 2 curare-tipped needles
Armour
 c - a +0 robe (worn)
 d - a +0 cloak (worn)
Jewellery
 l - an amulet of faith (around neck)
Scrolls
 i - a scroll of fear {unknown}
 m - 2 scrolls of blinking {unknown}
 n - a scroll of fog {unknown}
 p - 2 scrolls of identify {unknown}
 q - 2 scrolls of remove curse {unknown}
Potions
 h - a potion of agility {unknown}
 j - 3 potions of lignification {unknown}
 k - a potion of ambrosia {unknown}
 o - 2 potions of flight {unknown}
 r - a potion of curing {unknown}
 t - a potion of brilliance {unknown}
 u - a potion of heal wounds {unknown}
Comestibles
 g - 4 rations


   Skills:
 + Level 2.9 Fighting
 * Level 3.2 Short Blades
 - Level 1.7 Throwing
 + Level 1.9 Dodging
 + Level 4.4 Stealth


You had 4 spell levels left.
You didn't know any spells.
Your spell library contained the following spells:

 Spells                   Type           Power        Failure   Level  Hunger
 Summon Small Mammal      Summ           #...         30%         1    ##.....
 Summon Ice Beast         Ice/Summ       #.......     97%         4    #####..
 Call Imp                 Summ           #.......     43%         2    ###....
 Call Canine Familiar     Summ           #.......     67%         3    ####...
 Summon Lightning Spire   Summ/Air       #.......     97%         4    #####..
 Summon Guardian Golem    Hex/Summ       #.......     67%         3    ####...


Dungeon Overview and Level Annotations

Branches:
Dungeon (3/15)

Altars:

Annotations:
D:3 Natasha


Innate Abilities, Weirdness & Mutations

You have large cloven feet.
You are mostly covered in molten scales. (AC +3)


Message History

You barely miss Natasha.
Natasha is lightly wounded.
Natasha closely misses you.
You barely miss Natasha. Your kick misses Natasha.
Natasha is lightly wounded.
The white imp spits at you. Natasha casts a spell at you.
The magic dart hits you!
* * * LOW HITPOINT WARNING * * *
You barely miss Natasha.
Natasha is lightly wounded.
The white imp disappears in a puff of smoke!
Natasha barely misses you. Natasha closely misses you.
You hit Natasha. You kick Natasha, but do no damage.
Natasha is moderately wounded.
Natasha completely misses you.
You closely miss Natasha.
Natasha is moderately wounded.
Natasha claws you.
You die...

#........)#.........
#.#####)#...........
#.# #.#.#.#.......
#.#####.#.#.#.##.#..
#.....#.#.#.#.##.###
#####.#.#.#.#.##.# #
#.#.#.#.#.##.# #
##########.#.#.#.#.##.#
#
#.......@h.....#.#.##.#
# #.########.#.###
#.##.#.. #.#...
#.##.#.. #.. ... #.#..
####..... #.. .... h.5.


You could see Natasha.

Vanquished Creatures
  Terence (D:3)
  4 adders
  A river rat (D:3)
  An ooze (D:2)
  2 worms
  2 dart slugs (D:3)
  2 leopard geckos
  4 orcs (D:3)
  3 giant cockroaches
  6 hobgoblins
  10 jackals
  5 kobolds
  4 bats
  6 frilled lizards
  8 goblins
  7 rats
66 creatures vanquished.

Notes
Turn   | Place    | Note
-------+----------+-------------------------------------------
     0 | D:1      | asd12 the Demonspawn Assassin began the quest for the Orb.
     0 | D:1      | Reached XP level 1. HP: 16/16 MP: 1/1
   241 | D:1      | Reached skill level 1 in Dodging
   260 | D:1      | Gained mutation: You are partially covered in molten scales. (AC +2) [demonic ancestry]
   260 | D:1      | Reached XP level 2. HP: 21/22 MP: 2/2
   527 | D:1      | Reached skill level 4 in Stealth
  1019 | D:2      | Reached XP level 3. HP: 26/28 MP: 3/3
  2016 | D:3      | Gained mutation: You are mostly covered in molten scales. (AC +3) [demonic ancestry]
  2016 | D:3      | Reached XP level 4. HP: 33/34 MP: 4/4
  2260 | D:3      | Noticed Terence
  2277 | D:3      | Killed Terence
  2553 | D:3      | Gained mutation: You have large cloven feet. [demonic ancestry]
  2553 | D:3      | Reached XP level 5. HP: 24/40 MP: 5/5
  2707 | D:3      | Found a glowing drain.
  2772 | D:3      | Noticed Natasha
  2793 | D:3      | Slain by Natasha

Vault maps used:
D:1:      mrwooster_arrival_arrow, minmay_hedge_maze
D:2:      first_ration, glass_columns_a
D:3:      portal_sewer_entry_b, uniq_natasha, uniq_terence

Skill      XL: |  1  2  3  4 |
---------------+-------------+-----
Dodging        | 1 |  1.9
Short Blades   | 2 3 |  3.2
Stealth        | 4 |  4.4
Fighting       | |  2.9
Throwing       | |  1.7

Action                   |  1- 3 |  4- 6 || total
-------------------------+-------+-------++-------
Melee: Dagger            |   136 |   107 ||   243
       Kick              |       |     7 ||     7
 Fire: Blowgun           |       |     1 ||     1
 Stab: Sleeping          |     8 |     6 ||    14
  Eat: Chunk             |     3 |     3 ||     6
Armor: Robe              |    38 |    24 ||    62
Dodge: Dodged            |    74 |    48 ||   122

Table legend:
 A = Spawn XP
 B = Non-spawn XP
 C = Spawn XP percentage of total XP
 D = Spawn monster count
 E = Non-spawn monster count
 F = Spawn count percentage of total count
 G = Total turns spent on level
                    A         B        C        D         E        F      G
               +---------+---------+-------+---------+---------+-------+---------
         Total |       0 |     220 |   0.0 |       0 |      66 |   0.0 |  2793
               +---------+---------+-------+---------+---------+-------+---------
           D:1 |       0 |      36 |   0.0 |       0 |      22 |   0.0 |  1128
           D:2 |       0 |      60 |   0.0 |       0 |      17 |   0.0 |   870
           D:3 |       0 |     124 |   0.0 |       0 |      27 |   0.0 |   795
               +---------+---------+-------+---------+---------+-------+---------
